 Dungeon Crawl Stone Soup version 0.31-a0-983-g7b6862f502 (webtiles) character file.

Game seed: 16036565948641678091

78 Hubris850 the Chiller (level 4, -3/30 HPs)
             Began as a Merfolk Ice Elementalist on Nov 2, 2023.
             Was a Believer of Zin.
             Slain by an orc warrior
             ... wielding a +0 mace
              (8 damage)
             ... on level 2 of the Dungeon.
             The game lasted 00:04:09 (1648 turns).

Hubris850 the Chiller (Merfolk Ice Elementalist)    Turns: 1648, Time: 00:04:09

Health: -3/30      AC: 12    Str:  8    XL:     4   Next: 36%
Magic:  5/8        EV: 13    Int: 16    God:    Zin [**....]
Gold:   77         SH:  0    Dex: 14    Spells: 2/9 levels left

rFire   . . .        l - +0 hand axe (venom)
rCold   . . .        (no shield)
rNeg    . . .        a - +0 robe
rPois   +            (no helmet)
rElec   .            (no cloak)
rCorr   .            (no gloves)
SInv    .            (no boots)
Will    .....        (no amulet)
Stlth   ++           d - ring of poison resistance
HPRegen 0.25/turn    g - +4 ring of protection
MPRegen 0.11/turn

%: no passive effects
@: ice-armoured
A: (nimble swimmer 2), mertail
a: Renounce Religion, Recite, Vitalisation, Donate Gold


You were on level 2 of the Dungeon.
You worshipped Zin.
Zin was pleased with you.
You visited 1 branch of the dungeon, and saw 3 of its levels.

You collected 110 gold pieces.
You donated 33 gold pieces to Zin.

Inventory:

Hand Weapons
 e - a +0 club
 h - a +0 short sword
 l - a +0 hand axe of venom (weapon)
Missiles
 q - a throwing net
Armour
 a - a +0 robe (worn)
Jewellery
 d - a ring of poison resistance (left hand)
 g - a +4 ring of protection (right hand)
 o - a ring of magical power
Scrolls
 c - a scroll of revelation {unknown}
 k - 2 scrolls of enchant weapon {unknown}
 m - a scroll of brand weapon {unknown}
 n - a scroll of immolation {unknown}
 r - 3 scrolls of identify {unknown}
 s - 4 scrolls of teleportation {unknown}
 u - a scroll of blinking {unknown}
 v - a scroll of amnesia {unknown}
Potions
 b - a potion of magic
 f - a potion of attraction {unknown}
 i - 5 potions of enlightenment {unknown}
 j - 2 potions of cancellation {unknown}
 p - a potion of haste {unknown}
 t - a potion of degeneration {unknown}
 w - a potion of curing {unknown}


   Skills:
 - Level 3.5 Dodging
 - Level 2.1 Stealth
 + Level 3.0 Spellcasting
 + Level 5.2 Ice Magic


You had 2 spell levels left.
You knew the following spells:

 Your Spells              Type           Power      Damage    Failure   Level
a - Freeze                Ice            76%        1d8       2%          1
b - Frozen Ramparts       Ice            38%        1d6       6%          3
c - Ozocubu's Armour      Ice            19%        N/A       6%          3

Your spell library contained the following spells:

 Spells                   Type           Power      Damage    Failure   Level
 Summon Ice Beast         Ice/Summ       10%        N/A       54%         4


Dungeon Overview and Level Annotations

Branches:
Dungeon (3/15)

Altars:
Zin


Innate Abilities, Weirdness & Mutations

((You are very nimble when in or above water. (Stealth+, EV+, Speed+++)))
Your lower body shifts to a powerful aquatic tail in water.


Message History

Done exploring.
Okay, then.
There is a stone staircase leading down here.
You climb downwards.
Found an arbalest.
There is a stone staircase leading up here.
An orc comes into view. It is wielding a +0 short sword.
The orc shouts!
You hear a shout!
An orc warrior comes into view. It is wielding a +0 mace.
An orc comes into view. It is wielding a +0 dagger.
The orc warrior shouts!
There is a stone staircase leading up here.
An orc priest comes into view.
It is wielding a +0 hand axe of electrocution.
You barely miss the orc. The orc completely misses you.
The orc priest shouts!
You hit the orc but do no damage.
The orc is poisoned.
The orc hits you but does no damage. The orc hits you with a +0 short sword.
The orc warrior hits you but does no damage.
You climb upwards.
There is a stone staircase leading down here.
You barely miss the orc warrior. You barely miss the orc.
The orc warrior hits you with a +0 mace.
The orc hits you but does no damage.
You hit the orc warrior but do no damage.
The orc warrior is poisoned.
You barely miss the orc. The orc warrior barely misses you.
The orc hits you but does no damage.
The orc warrior hits you with a +0 mace!
The orc closely misses you.
You hit the orc warrior but do no damage.
You hit the orc but do no damage.
The orc looks even sicker.
You kill the orc!
The orc warrior hits you with a +0 mace!
* * * LOW HITPOINT WARNING * * *
Unknown command.
Casting: Freeze (safe; 2% risk of failure)
Confirm with . or Enter, or press ? or * to list all spells.
A film of ice covers your body!
The orc warrior hits you with a +0 mace!
You die...

.........#.#####.#.#
....####...# #.#.#
.)........## #.#.#
....#####.# #.#.#
..........# #.#.#
....#####.# #.#.#
....# #.# #.#.#
###.# #.# #o#.# #
#.# #.######@#.# #
#.#####......).#.# #
#.......########.# #
#######)# #.# #
#....# #.# # #.##.#
#.# # ##.##.# #.#
#####...#.# #.#
......#...# ###.#


You could see an orc warrior (very poisoned).

Vanquished Creatures
  4 adders (D:2)
  An orc (D:2)
  3 endoplasms
  4 giant cockroaches
  3 goblins
  5 hobgoblins
  5 ball pythons
  3 bats (D:1)
  3 frilled lizards
  5 kobolds
  4 rats
40 creatures vanquished.

Notes
Turn   | Place    | Note
-------+----------+-------------------------------------------
     0 | D:1      | Hubris850 the Merfolk Ice Elementalist began the quest for
                  | the Orb.
     0 | D:1      | Reached XP level 1. HP: 13/13 MP: 3/3
   142 | D:1      | Found a faded altar of an unknown god.
   148 | D:1      | Prayed at the altar of an unknown god.
   148 | D:1      | Became a worshipper of Zin the Law-Giver
   148 | D:1      | Reached * piety under Zin
   229 | D:1      | Reached XP level 2. HP: 19/19 MP: 5/5
   293 | D:1      | Donated 22 gold pieces to Zin
   970 | D:2      | Reached XP level 3. HP: 24/24 MP: 6/6
   974 | D:2      | Learned a level 3 spell: Frozen Ramparts
  1161 | D:2      | Reached skill level 5 in Ice Magic
  1178 | D:2      | Reached ** piety under Zin
  1209 | D:2      | Reached XP level 4. HP: 30/30 MP: 8/8
  1220 | D:2      | Learned a level 3 spell: Ozocubu's Armour
  1635 | D:3      | Noticed an orc warrior
  1648 | D:2      | Slain by an orc warrior

Illustrated notes

Levels and vault maps discovered:
D:1:      orjb1_lava_funnel, layout_basic, dreamdust_ecumenical_altar_grove,
          item_on_display_a
D:2:      layout_loops_ring, minmay_pentomino_t2
D:3:      layout_rooms, trog_three_pillars_becter,
          mainiacjoe_overflow_big_doors, uniq_ijyb

Skill      XL: |  1  2  3  4 |
---------------+-------------+-----
Dodging        | 3 |  3.5
Ice Magic      | 5 |  5.2
Spellcasting   | 3 |  3.0
Stealth        | |  2.1

Action                     |  1- 3 |  4- 6 || total
---------------------------+-------+-------++-------
  Melee: Unarmed           |    19 |       ||    19
         Short sword       |    23 |       ||    23
         Club              |     5 |       ||     5
         Punch             |     1 |       ||     1
         Hand axe          |    64 |    27 ||    91
   Cast: Freeze            |     3 |       ||     3
         Ozocubu's Armour  |       |     1 ||     1
 Invoke: Donate Gold       |     1 |       ||     1
   Stab: Sleeping          |     4 |     1 ||     5
 Armour: Robe              |    54 |    18 ||    72
  Dodge: Dodged            |    93 |    13 ||   106

Table legend: (Time is in decaauts)
 A = Elapsed time spent in this place.
 B = Non-inter-level travel time spent in this place.
 C = Inter-level travel time spent in this place.
 D = Time resting spent in this place.
 E = Time spent auto-exploring this place.
 F = Levels seen in this place.
 G = Mean time per level.
                   A        B        C        D        E       F      G
               +--------+--------+--------+--------+--------+-----+--------+
         Total |   1674 |   1648 |     26 |      6 |   1281 |   3 |  558.0 |
       Dungeon |   1674 |   1648 |     26 |      6 |   1281 |   3 |  558.0 |
               +--------+--------+--------+--------+--------+-----+--------+

Top non-repeatable levels by time:
     D:1: 931 daAuts
     D:2: 730 daAuts
     D:3: 12 daAuts
